 Dungeon Crawl Stone Soup version 0.21-a0-274-gc1afaeb (webtiles) character file.

37247 tilp the Thaumaturge (level 13, -19/116 HPs)
             Began as a Hill Orc Fire Elementalist on Sept 19, 2017.
             Was a High Priest of Okawaru.
             Hit by a large rock thrown by a cyclops (20 damage)
             ... on level 1 of the Orcish Mines.
             The game lasted 01:33:49 (25568 turns).

tilp the Thaumaturge (Hill Orc Fire Elementalist)  Turns: 25568, Time: 01:33:50

Health: -19/116    AC: 12    Str: 12    XL:     13   Next: 95%
Magic:  24/29      EV: 15    Int: 19    God:    Okawaru [*****.]
Gold:   1752       SH:  0    Dex: 14    Spells: 15/36 levels left

rFire    . . .     SeeInvis .   a - +5 war axe
rCold    . . .     Gourm    .   (no shield)
rNeg     . . .     Faith    .   O - +3 leather armour of Nadwaab {Slay+3}
rPois    .         Spirit   .   K - +0 helmet
rElec    .         Reflect  .   Z - scarf {repulsion}
rCorr    .         Harm     .   X - +2 pair of gloves
MR       +....                  e - +0 pair of boots
Stlth    +++.......             L - amulet of magic regeneration
HPRegen  0.29/turn              k - +3 ring of dexterity
MPRegen  0.46/turn              R - ring of protection from magic

@: heroism, repel missiles
A: no striking features
a: Heroism, Finesse, Renounce Religion


You were on level 1 of the Orcish Mines.
You worshipped Okawaru.
Okawaru was extremely pleased with you.
You were hungry.

You visited 4 branches of the dungeon, and saw 20 of its levels.

You collected 1776 gold pieces.
You spent 24 gold pieces at shops.

Inventory:

Hand Weapons
 a - a +5 war axe (weapon)
 b - a +1 broad axe of flaming
Missiles
 Q - 17 tomahawks (quivered)
Armour
 c - a +2 ring mail of fire resistance
 e - a +0 pair of boots (worn)
 K - a +0 helmet (worn)
 O - the +3 leather armour of Nadwaab (worn) {Slay+3}
   (You found it on level 5 of the Dungeon)

   It affects your accuracy and damage with ranged weapons and melee attacks
   (+3).
 X - a +2 pair of gloves (worn)
 Z - a scarf of repulsion (worn)
Jewellery
 d - an uncursed ring of protection from cold
 k - a +3 ring of dexterity (left hand)
 B - an uncursed ring of positive energy
 L - an amulet of magic regeneration (around neck)
 P - an uncursed ring of see invisible
 R - a ring of protection from magic (right hand)
Wands
 i - a wand of confusion (33/48)
 t - a wand of iceblast (8/15)
 H - a wand of disintegration (0/24)
 N - a wand of digging (12/24)
 U - a wand of polymorph (0/24)
Scrolls
 f - 4 scrolls of enchant weapon {unknown}
 j - 2 scrolls of enchant armour {unknown}
 n - 6 scrolls of magic mapping {unknown}
 o - 4 scrolls of remove curse
 q - a scroll of recharging {unknown}
 s - a scroll of holy word {unknown}
 v - a scroll of immolation {unknown}
 w - 3 scrolls of blinking {unknown}
 y - 11 scrolls of teleportation
 A - a scroll of amnesia {unknown}
 E - 2 scrolls of fear {unknown}
 F - 2 scrolls of random uselessness {unknown}
 I - a scroll of vulnerability {unknown}
 S - 2 scrolls of noise {unknown}
Potions
 l - a potion of brilliance
 p - 2 potions of curing
 r - a potion of magic
 u - 2 potions of might
 z - a potion of agility {unknown}
 D - 2 potions of berserk rage
 M - 2 potions of mutation
Comestibles
 m - 2 meat rations
 C - 4 bread rations


   Skills:
 - Level 11.0(16.0) Fighting
 + Level 11.1(16.1) Axes
 - Level 1.5(6.5) Dodging
 - Level 1.5(6.5) Stealth
 + Level 12.0 Spellcasting
 - Level 8.5 Conjurations
 - Level 9.7 Fire Magic
 - Level 6.0 Invocations


You had 15 spell levels left.
You knew the following spells:

 Your Spells              Type           Power        Failure   Level  Hunger
a - Flame Tongue          Conj/Fire      #####        1%          1    None
b - Throw Flame           Conj/Fire      #####.       1%          2    None
c - Conjure Flame         Conj/Fire      #####...     1%          3    None
d - Sticky Flame          Conj/Fire      #####...     1%          4    ##.....
e - Fireball              Conj/Fire      #####.....   4%          5    ####...
f - Animate Skeleton      Necr           N/A          8%          1    None
g - Iskenderun's Mystic   Conj           #####...     2%          4    ##.....
h - Magic Dart            Conj           ####         1%          1    None


Dungeon Overview and Level Annotations

Branches:
Dungeon (12/15)            Temple (1/1) D:5            Lair (6/6) D:11
 Shoals (0/4) Lair:4        Snake (0/4) Lair:3        Slime (0/5) Lair:5
    Orc (1/2) D:9

Altars:
Ashenzari
Cheibriados
Dithmenos
Elyvilon
Fedhas
Gozag
Hepliaklqana
Kikubaaqudgha
Makhleb
Nemelex Xobeh
Okawaru
Qazlal
Ru
Sif Muna
Trog
Uskayaw
Vehumet
Wu Jian
Xom
Yredelemnul
Zin
The Shining One

Shops:
D:9 *   D:10 %   D:12 }

Annotations:
D:11 exclusion: oklob plant
D:12 Urug
Lair:2 Gastronok
Lair:5 exclusion: oklob plant


Message History

The cyclops burns!
The cyclops hits you but does no damage.
You hit the cyclops but do no damage.
The cyclops is lightly wounded.
You hit the cyclops but do no damage.
The cyclops is lightly wounded.
The cyclops burns!
The cyclops hits you!!
* * * LOW HITPOINT WARNING * * *
You hit the cyclops but do no damage. You punch the cyclops.
The cyclops is moderately wounded.
The cyclops burns!
Unknown command.
You slash the cyclops!
The cyclops is severely wounded.
The cyclops burns!
The cyclops hits you!!
* * * LOW HITPOINT WARNING * * *
Unknown command.
Unknown command.
The cyclops burns!
The cyclops throws a large rock.
The large rock hits you!!
You die...

#.# #........... #.#
##........... ##'##
#............ #...#
#............ #...#
##............ #...####
#............. #...'C(#
#............. #...##(#
#............. #...##@#
#.............
#...##.###P............
#...##.##..............
##+###.##..............
#.##.......((.....
#.#.....(.((......
#.##..............
#.##..............
#.##..............


You could see a cyclops (burning).

Vanquished Creatures
  2 ettins (Orc:1)
  Erolcha (D:10)
  Harold (D:11)
  2 hydras (Lair:4)
  Erica (D:9)
  2 two-headed ogres
  2 unseen horrors
  Pikel (D:4)
  9 cyclopes (Orc:1)
  An ugly thing (D:11)
  3 black mambas
  9 spiny frogs
  A torpor snail (Lair:3)
  2 centaur skeletons
  4 komodo dragons
  A troll (Orc:1)
  The ghost of vishdafish the Skirmisher, an amateur DsFi (D:5)
  A hornet (D:10)
  5 blink frogs
  Prince Ribbit (D:8)
  5 hippogriffs
  4 dream sheep (Lair:5)
  6 spriggans (Lair:1)
  A wraith (D:10)
  38 yaks
  3 basilisks
  2 hungry ghosts
  Menkaure (D:5)
  A warg (Orc:1)
  A soldier ant (D:11)
  7 water moccasins
  9 orc warriors
  13 porcupines
  A slave (D:3)
  2 ice beasts
  4 black bears
  2 necrophages
  3 ogres
  5 phantoms
  9 wolves
  3 centaurs
  10 crocodiles
  2 big kobolds (D:8)
  9 bullfrogs
  2 scorpions
  7 killer bees
  9 wights
  4 howler monkeys
  6 crimson imps
  2 quasits (D:9)
  3 jellies
  4 orc priests
  4 hounds
  5 orc wizards
  A bullfrog skeleton (D:7)
  Ijyb (D:3)
  3 iguanas
  9 worker ants
  A hound skeleton (D:9)
  2 howler monkey zombies
  A worker ant zombie (D:9)
  A howler monkey skeleton (D:6)
  8 gnolls
  13 adders
  A shadow imp (D:9)
  5 oozes
  2 adder skeletons
  An adder zombie (D:6)
  3 worms
  4 dart slugs
  6 leopard geckos
  53 orcs
  4 giant cockroaches
  15 goblins
  5 hobgoblins
  5 jackals
  3 quokkas (D:2)
  2 ball pythons
  4 bats
  4 frilled lizards
  18 kobolds
  A quokka skeleton (D:6)
  4 rats
  2 fungi
  A plant (Lair:5)
420 creatures vanquished.

Vanquished Creatures (collateral kills)
  A cyclops (Orc:1)
  A troll (Orc:1)
  A blink frog (Lair:3)
  3 yaks
  Grum (D:9)
  An orc warrior (Orc:1)
  An eye of draining (D:8)
  A phantom (D:8)
  An ogre (D:7)
  2 centaurs (Lair:4)
  2 crocodiles
  A bullfrog (D:11)
  2 killer bees
  2 jellies (Lair:5)
  A hound (D:11)
  A gnoll shaman (D:7)
  An orc wizard (Orc:1)
  A gnoll (D:9)
  2 oozes (Lair:5)
  An adder skeleton (D:8)
  5 orcs
  A quokka (D:9)
  A quokka zombie (D:7)
  A butterfly (Lair:4)
  A fungus (Lair:5)
  2 plants (Lair:5)
38 creatures vanquished.

Vanquished Creatures (others)
  A leopard gecko (D:4)
  10 fungi
  2 plants
13 creatures vanquished.

Grand Total: 471 creatures vanquished

Notes
Turn   | Place    | Note
-------+----------+-------------------------------------------
     0 | D:1      | tilp the Hill Orc Fire Elementalist began the quest for the Orb.
     0 | D:1      | Reached XP level 1. HP: 14/14 MP: 3/3
   239 | D:1      | Reached XP level 2. HP: 10/20 MP: 1/4
   882 | D:1      | You fall through a shaft!
   963 | D:2      | Reached XP level 3. HP: 26/26 MP: 3/5
  1103 | D:2      | Reached skill level 2 in Spellcasting
  1253 | D:1      | Reached XP level 4. HP: 33/33 MP: 4/7
  1434 | D:2      | Learned a level 2 spell: Throw Flame
  1438 | D:2      | Learned a level 3 spell: Conjure Flame
  2176 | D:2      | Noticed a phantom
  2222 | D:2      | Killed a phantom
  2222 | D:2      | Reached XP level 5. HP: 17/38 MP: 0/9
  3041 | D:3      | Found a sparkling altar of Nemelex Xobeh.
  3554 | D:3      | Reached XP level 6. HP: 45/45 MP: 10/10
  3560 | D:3      | Learned a level 4 spell: Sticky Flame
  4001 | D:3      | Reached skill level 3 in Spellcasting
  4110 | D:3      | Noticed Ijyb
  4125 | D:3      | Killed Ijyb
  5056 | D:4      | Reached skill level 5 in Fire Magic
  5192 | D:4      | Noticed a slave
  5192 | D:4      | Noticed a slave
  5192 | D:4      | Noticed a slave
  5193 | D:4      | Noticed Pikel
  5243 | D:3      | Killed a slave
  5426 | D:4      | Found a hide-covered altar of Uskayaw.
  5426 | D:4      | Found an opulent altar of Gozag.
  5701 | D:4      | Killed Pikel
  5701 | D:4      | Reached skill level 5 in Conjurations
  5701 | D:4      | Reached XP level 7. HP: 50/50 MP: 10/12
  5800 | D:5      | Entered Level 5 of the Dungeon
  5800 | D:5      | Found a staircase to the Ecumenical Temple.
  5811 | Temple   | Entered the Ecumenical Temple
  5824 | Temple   | Became a worshipper of Warmaster Okawaru
  5996 | D:5      | Reached skill level 4 in Spellcasting
  6012 | D:5      | Learned a level 1 spell: Animate Skeleton
  6023 | D:5      | Noticed vishdafish's ghost (amateur DsFi)
  6038 | D:5      | Killed vishdafish's ghost
  6038 | D:5      | Reached XP level 8. HP: 57/57 MP: 1/14
  6333 | D:5      | Noticed Menkaure
  6336 | D:5      | Killed Menkaure
  6336 | D:5      | Reached * piety under Okawaru
  7218 | D:5      | Reached skill level 5 in Spellcasting
  7435 | D:5      | Got a slimy leather armour
  7446 | D:5      | Identified the +3 leather armour of Nadwaab {Slay+3} (You found it on level 5 of the Dungeon)
  7731 | D:6      | Reached XP level 9. HP: 48/62 MP: 11/16
  7885 | D:6      | Found a shattered altar of Ashenzari.
  8039 | D:6      | Found a shattered altar of Ashenzari.
  8408 | D:6      | Learned a level 5 spell: Fireball
  9100 | D:7      | Reached ** piety under Okawaru
  9162 | D:7      | Found a burning altar of Makhleb.
  9352 | D:7      | Found a white marble altar of Elyvilon.
  9354 | D:7      | Found a glowing golden altar of the Shining One.
  9355 | D:7      | Found a glowing silver altar of Zin.
  9468 | D:7      | Found a deep blue altar of Sif Muna.
  9517 | D:8      | Noticed a two-headed ogre
  9530 | D:8      | Reached skill level 6 in Spellcasting
  9902 | D:8      | Noticed Prince Ribbit
  9924 | D:8      | Killed Prince Ribbit
  9924 | D:8      | Reached XP level 10. HP: 32/69 MP: 9/19
 10007 | D:8      | Killed a two-headed ogre
 10007 | D:8      | Reached *** piety under Okawaru
 10838 | D:8      | Reached skill level 1 in Fighting
 11673 | D:9      | Reached skill level 7 in Spellcasting
 12052 | D:9      | Noticed Erica
 12063 | D:9      | Killed Erica
 12063 | D:9      | Reached **** piety under Okawaru
 12312 | D:9      | Found a radiant altar of Vehumet.
 12348 | D:9      | Found Zifituof's General Store.
 12409 | D:9      | Noticed Grum
 12813 | D:9      | Bought a scroll of identify for 24 gold pieces
 12826 | D:9      | Found a staircase to the Orcish Mines.
 12914 | D:9      | Killed Grum
 12914 | D:9      | Reached skill level 5 in Fighting
 13127 | D:9      | Found an ancient bone altar of Kikubaaqudgha.
 13127 | D:9      | Found a blossoming altar of Fedhas.
 13372 | D:10     | Entered Level 10 of the Dungeon
 13389 | D:10     | Paralysed by a hornet for 1 turns
 13425 | D:10     | Noticed an unseen horror
 13426 | D:10     | Noticed Erolcha
 13434 | D:10     | HP: 1/83 [centaur (9)]
 13508 | D:10     | Reached XP level 11. HP: 30/89 MP: 17/22
 13628 | D:10     | Killed an unseen horror
 13628 | D:10     | Reached ***** piety under Okawaru
 13628 | D:10     | Reached skill level 8 in Spellcasting
 14436 | D:10     | Found Neaz's Food Boutique.
 14719 | D:10     | Killed Erolcha
 14862 | D:11     | Reached skill level 9 in Spellcasting
 14951 | D:11     | Noticed a cyan ugly thing
 15259 | D:11     | Received a gift from Okawaru
 15317 | D:11     | Noticed an unseen horror
 15661 | D:11     | Killed an unseen horror
 15824 | D:11     | Found an opulent altar of Gozag.
 15853 | D:11     | Noticed Harold
 15872 | D:11     | Killed Harold
 15872 | D:11     | Reached skill level 10 in Fighting
 15876 | D:11     | Reached XP level 12. HP: 88/106 MP: 14/25
 15976 | D:11     | Noticed a two-headed ogre
 15999 | D:11     | Killed a two-headed ogre
 16411 | D:11     | Found a staircase to the Lair.
 16445 | D:11     | Reached skill level 10 in Spellcasting
 16545 | D:11     | Found a blossoming altar of Fedhas.
 16669 | D:12     | Noticed Urug
 16761 | D:12     | Found Piptogg's Gadget Emporium.
 16785 | D:12     | Reached skill level 1 in Invocations
 17094 | Lair:1   | Entered Level 1 of the Lair of Beasts
 17565 | Lair:1   | Received a gift from Okawaru
 17727 | Lair:1   | Reached skill level 1 in Axes
 18222 | Lair:1   | Reached skill level 5 in Invocations
 19596 | Lair:2   | Reached skill level 5 in Axes
 19688 | Lair:2   | Noticed Gastronok
 20290 | Lair:3   | Found a staircase to the Snake Pit.
 20315 | Lair:3   | Received a gift from Okawaru
 20315 | Lair:3   | Reached XP level 13. HP: 116/116 MP: 23/27
 20652 | Lair:3   | Reached skill level 11 in Spellcasting
 21915 | Lair:4   | Learned a level 4 spell: Iskenderun's Mystic Blast
 21917 | Lair:4   | Learned a level 1 spell: Magic Dart
 22239 | Lair:4   | Found a staircase to the Shoals.
 22803 | Lair:5   | Reached ****** piety under Okawaru
 23202 | Lair:5   | Found a staircase to the Slime Pits.
 23662 | Lair:6   | Entered Level 6 of the Lair of Beasts
 23845 | Orc:1    | Entered Level 1 of the Orcish Mines
 23895 | Orc:1    | Noticed an ettin
 23904 | Orc:1    | Killed an ettin
 23904 | Orc:1    | Received a gift from Okawaru
 23904 | Orc:1    | Reached skill level 10 in Axes
 24204 | Orc:1    | Noticed an ettin
 24211 | Orc:1    | Killed an ettin
 25281 | Orc:1    | Reached skill level 12 in Spellcasting
 25567 | Orc:1    | HP: 1/116 [cyclops (22)]
 25568 | Orc:1    | Hit by a large rock thrown by a cyclops

Vault maps used:
D:1:      erik_arrival_gehennom, corexii_hall_statues_x
D:2:      grunt_ministairs_13
D:3:      kennysheep_goblin_castle, nemelex_xobeh_ov_fountains_minmay,
          first_bread
D:4:      gammafunk_temple_overflow_wave, uniq_pikel
D:5:      minmay_temple_entry_mist, uniq_menkaure
D:6:      lemuel_round_altar, basic_altar, lightli_orcish_oven
D:7:      good_gods_temple_1, overflow_temple_1_default,
          lemuel_coloured_pillars_altar
D:8:      kennysheep_six_static_rooms, blue_anna_alchemist, uniq_prince_ribbit1
D:9:      grunt_temple_overflow_growth_and_decay, vehumet_crystals,
          hiddenorc1_lemuel, serial_shops, shop, uniq_grum, uniq_erica
D:10:     serial_shops, nicolae_shop_stone, wad_floor_pattern_1,
          hangedman_decor_peaks_small, uniq_erolcha
D:11:     grunt_lair_entry_orc_guard_hut, basic_altar, tgw_fedhas, uniq_harold
D:12:     orc_temple, serial_shops, shop, nicolae_shop_window_shopping,
          kennysheep_little_box, uniq_urug
Temple:   chequers_temple_sunken
Lair:1:   kb_forest_paths
Lair:2:   grunt_megastairs_5, uniq_gastronok
Lair:3:   dummy_snake_entry, serial_bayou_pond_a
Lair:4:   minmay_shoals_entry_centaurs, lemuel_fruit_tree, lemuel_fruit_fields
Lair:5:   nicolae_slime_entry_slimehenge, minmay_lair_oklob_chamber
Lair:6:   gammafunk_lair_ancient_temple, portal_ice_cave_entry_pillars_2,
          uniq_snorg
Orc:1:    giant_chief_lemuel

Skill      XL: |  1  2  3  4  5  6  7  8  9 10 11 12 13 |
---------------+----------------------------------------+-----
Conjurations   | 2 3 5 6 8 |  8.5
Spellcasting   | 2 3 4 5 6 7 9 10 12 | 12.0
Fire Magic     | 4 6 7 9 |  9.7
Fighting       | 6 10 11 | 11.0
Invocations    | 6 |  6.0
Axes           | 6 11 | 11.1
Dodging        | |  1.5
Stealth        | |  1.5

Action                   |  1- 3 |  4- 6 |  7- 9 | 10-12 | 13-15 || total
-------------------------+-------+-------+-------+-------+-------++-------
Melee: Short sword       |    17 |       |       |       |       ||    17
       Unarmed           |     2 |       |       |       |       ||     2
       Dagger            |    18 |   111 |   145 |   404 |       ||   678
       Flail             |       |       |       |     1 |       ||     1
       War axe           |       |       |       |    85 |   165 ||   250
       Punch             |       |       |       |     2 |     2 ||     4
       Scimitar          |       |       |       |       |     3 ||     3
Throw: Stone             |    13 |    27 |       |       |       ||    40
 Cast: Flame Tongue      |    27 |    86 |   155 |   237 |    67 ||   572
       Throw Flame       |       |    10 |     8 |    35 |     4 ||    57
       Conjure Flame     |       |     3 |    11 |    61 |    54 ||   129
       Sticky Flame      |       |       |    13 |    55 |    39 ||   107
       Animate Skeleton  |       |       |    16 |    70 |    45 ||   131
Invok: Heroism           |       |       |       |     5 |    12 ||    17
Evoke: Wand              |       |     2 |     1 |     4 |       ||     7
  Use: Scroll            |       |     3 |     3 |     6 |     6 ||    18
       Potion            |       |       |       |     7 |     3 ||    10
 Stab: Sleeping          |       |     6 |     3 |       |       ||     9
  Eat: Chunk             |     2 |     9 |     7 |    19 |    12 ||    49
       Bread ration      |       |     1 |       |       |       ||     1
       Meat ration       |       |     1 |     1 |     3 |     1 ||     6
       Royal jelly       |       |       |       |     3 |       ||     3
Armor: Robe              |     6 |    20 |     3 |       |       ||    29
       Leather armour    |       |       |    54 |   185 |    53 ||   292
       Skin              |       |       |       |    53 |       ||    53
Dodge: Dodged            |    29 |    77 |   114 |   270 |   131 ||   621
       Deflected         |       |       |       |     4 |    16 ||    20

Table legend:
 A = Spawn XP
 B = Non-spawn XP
 C = Spawn XP percentage of total XP
 D = Spawn monster count
 E = Non-spawn monster count
 F = Spawn count percentage of total count
 G = Total turns spent on level
                    A         B        C        D         E        F      G
               +---------+---------+-------+---------+---------+-------+---------
         Total |       0 |   53211 |   0.0 |       0 |     450 |   0.0 | 25568
               +---------+---------+-------+---------+---------+-------+---------
           D:1 |       0 |      51 |   0.0 |       0 |      23 |   0.0 |  1239
           D:2 |       0 |     226 |   0.0 |       0 |      28 |   0.0 |  2017
           D:3 |       0 |     169 |   0.0 |       0 |      30 |   0.0 |  1825
           D:4 |       0 |     695 |   0.0 |       0 |       6 |   0.0 |   719
           D:5 |       0 |    1140 |   0.0 |       0 |      16 |   0.0 |  1569
           D:6 |       0 |     600 |   0.0 |       0 |      22 |   0.0 |  1172
           D:7 |       0 |    1292 |   0.0 |       0 |      31 |   0.0 |  1056
           D:8 |       0 |    2569 |   0.0 |       0 |      36 |   0.0 |  2115
           D:9 |       0 |    1937 |   0.0 |       0 |      38 |   0.0 |  1628
          D:10 |       0 |    6219 |   0.0 |       0 |      35 |   0.0 |  2070
          D:11 |       0 |    6936 |   0.0 |       0 |      44 |   0.0 |  1237
          D:12 |       0 |     676 |   0.0 |       0 |       4 |   0.0 |   341
        Lair:1 |       0 |    5383 |   0.0 |       0 |      24 |   0.0 |  1619
        Lair:2 |       0 |    3357 |   0.0 |       0 |      17 |   0.0 |  1500
        Lair:3 |       0 |    3210 |   0.0 |       0 |      13 |   0.0 |   924
        Lair:4 |       0 |    6065 |   0.0 |       0 |      29 |   0.0 |  1620
        Lair:5 |       0 |    4504 |   0.0 |       0 |      32 |   0.0 |  1014
         Orc:1 |       0 |    8182 |   0.0 |       0 |      22 |   0.0 |  1723
               +---------+---------+-------+---------+---------+-------+---------
